 Dungeon Crawl Stone Soup version 0.13.1-17-g0f9d4ff (webtiles) character file.

453 Lilouch the Covered (level 5, -1/42 HPs)
             Began as a Mummy Fighter on Dec 13, 2013.
             Slain by an ogre
             ... wielding a +0,+0 giant spiked club
              (8 damage)
             ... on Level 4 of the Dungeon.
             The game lasted 00:09:22 (3558 turns).

Lilouch the Covered (Mummy Fighter)                 Turns: 3558, Time: 00:09:22

HP  -1/42        AC 14     Str 20      XL: 5   Next: 73%
MP   4/4         EV  2     Int  7      God:
Gold 221         SH 19     Dex 11      Spells:  0 memorised,  4 levels left

Res.Fire  : x . .   See Invis. : .   a - +0 trident
Res.Cold  : + . .   Warding    : .   r - +2 plate armour
Life Prot.: + + +   Conserve   : .   c - +0 shield
Res.Poison: +       Res.Corr.  : .   (no helmet)
Res.Elec. : .       Clarity    : .   (no cloak)
Sust.Abil.: . .     Spirit.Shd : .   k - +0 pair of gloves
Res.Mut.  : .       Stasis     : .   (no boots)
Res.Rott. : +       Flight     : .   (no amulet)
Saprovore : . . .                    (no ring)
                                     (no ring)

@: slightly resistant to hostile enchantments, extremely unstealthy
A: no food or potions, fire vulnerability, restore body, cold resistance 1, life
protection 3, poison resistance, torment resistance, unbreathing
a: no special abilities


You were on level 4 of the Dungeon.
You were not hungry.

You visited 1 branch of the dungeon, and saw 6 of its levels.

You collected 201 gold pieces.

Inventory:

Hand weapons
 a - a +0,+0 trident (weapon)
Missiles
 n - 31 poisoned needles
 o - 21 bolts of frost
 u - 27 bolts
Armour
 b - a +0 scale mail
 c - a +0 shield (worn)
 k - a +0 pair of gloves (worn)
 r - a +2 plate armour (worn)
Scrolls
 d - 5 scrolls of teleportation {unknown}
 e - 2 scrolls of noise {unknown}
 f - 9 scrolls of identify {unknown}
 g - a scroll of fear {unknown}
 h - a scroll of fog {unknown}
 i - a scroll of magic mapping {unknown}
 j - 4 scrolls of remove curse {unknown}
 l - a scroll of random uselessness {unknown}
 m - 2 scrolls of enchant weapon II {unknown}
 p - 2 scrolls of recharging {unknown}
 s - 2 scrolls of curse weapon {unknown}
 t - a scroll of curse armour {unknown}
 v - a scroll of enchant armour {unknown}
Jewellery
 q - an uncursed ring of see invisible {unknown}


   Skills:
 - Level 3.7 Fighting
 + Level 2.2 Polearms
 * Level 3.8 Armour
 + Level 3.6 Shields


You had 4 spell levels left.
You didn't know any spells.

Dungeon Overview and Level Annotations

Branches:
Dungeon (6/27)
 Temple: D:4-7          Orc: D:6-11

Altars:
Cheibriados
Fedhas
Kikubaaqudgha
Okawaru
Trog

Annotations:
D:3 Grinder


Innate Abilities, Weirdness & Mutations

You do not eat or drink.
Your flesh is vulnerable to fire.
Your flesh is cold resistant.
You are immune to negative energy.
Your system is resistant to poisons.
You are immune to unholy pain and torment.
You can survive without breathing.


Message History

You are too injured to fight recklessly!
You are too injured to fight recklessly!
You are too injured to fight recklessly!
You are too injured to fight recklessly!
You are too injured to fight recklessly!
You are too injured to fight recklessly!
You are too injured to fight recklessly!
You are too injured to fight recklessly!
You are too injured to fight recklessly!
You are too injured to fight recklessly!
You are too injured to fight recklessly!
You are too injured to fight recklessly!
You are too injured to fight recklessly!
You are too injured to fight recklessly!
You are too injured to fight recklessly!
You are too injured to fight recklessly!
You hit the ogre.
The ogre is moderately wounded.
The ogre hits you with a giant spiked club!
You die...

.###.# #..# #.# # ..##.# #..# #.#
# .....#### ..# #.# #
...#........ ..# #.# #
...#....### #.# ######.#####
...#.##.# #.# #..........#
.....##.## #.# #.####.###.#
...#.#...### #.#######.####.# #.#
...#.......# #.O@...........# #.#
...###.....# #.#######.###..# #.#
...........#...# #.# #..# #.#
#######....#.#.# #.# #..###.#
##......#.# #.###..##...
######.......#.#######...........
........................######...
.#####.(.....#.#######..........#
..######.....#.# ############


You could see an ogre.

Vanquished Creatures
  A crimson imp (D:5)
  2 worker ants (D:5)
  Jessica (D:3)
  3 adders
  A giant mite (D:2)
  An inept feature mimic (D:3)
  2 worms
  4 oozes
  5 orcs
  7 bats
  2 bat zombies (D:3)
  2 giant cockroaches
  3 hobgoblins
  14 jackals
  2 quokkas (D:4)
  2 ball pythons
  A giant gecko skeleton (D:4)
  3 giant newts
  7 goblins
  8 kobolds
  2 rats
  2 rat zombies
  A fungus (D:2)
76 creatures vanquished.

Vanquished Creatures (others)
  A fungus (D:2)
1 creature vanquished.

Grand Total: 77 creatures vanquished

Notes
Turn   | Place    | Note
--------------------------------------------------------------
     0 | D:1      | Lilouch, the Mummy Fighter, began the quest for the Orb.
     0 | D:1      | Reached XP level 1. HP: 18/18 MP: 0/0
   359 | D:1      | Reached XP level 2. HP: 13/24 MP: 1/1
   479 | D:2      | Found a blossoming altar of Fedhas.
   713 | D:2      | Reached XP level 3. HP: 11/30 MP: 2/2
  1681 | D:3      | Reached XP level 4. HP: 27/36 MP: 3/3
  2127 | D:3      | Noticed Grinder
  2156 | D:3      | Paralysed by Grinder for 2 turns
  2384 | D:3      | Found a snail-covered altar of Cheibriados.
  2492 | D:3      | Found an iron altar of Okawaru.
  2512 | D:3      | Noticed Jessica
  2518 | D:3      | Killed Jessica
  2807 | D:3      | Found an ancient bone altar of Kikubaaqudgha.
  3028 | D:5      | Entered Level 5 of the Dungeon
  3028 | D:5      | Found a bloodstained altar of Trog.
  3094 | D:5      | Reached XP level 5. HP: 35/42 MP: 4/4
  3549 | D:4      | Noticed an ogre
  3558 | D:4      | Slain by an ogre

Action                   |  1- 3 |  4- 6 || total
-------------------------+-------+-------++-------
Melee: Trident           |   179 |   215 ||   394
